Cogmind - Beta 17 @@@ ROGUE MODE // 2026.06.24 @ 18:36:07 Player: Lilshrinky Result: Destroyed by L-31 Rogue with Katana Performance ------------- Evolutions (2) 1000 Regions Visited (4) 800 Robots Destroyed (36) 180 Value Destroyed (926) 926 Prototype IDs (0) 0 Alien Tech Used (0) 0 Bonus (173) 173 TOTAL SCORE: 3079 Bonus ------- High Alert Combat Kills 11 Follower Combat Kills 162 Cogmind --------- Core Integrity 0/550 Matter 8/300 Energy 100/100 System Corruption 0% Temperature Cool (0) Movement Core (1350) Ox26 Location -8/Materials Parts ------- > --- POWER (2) -------- (None) > --- PROPULSION (3) --- (None) > --- UTILITY (3) ------ Huge Storage Unit > --- WEAPON (3) ------- (None) > --- INVENTORY (25) --- High-capacity Storage Unit Reactive Plating Reactive Plating Light Assault Rifle Light Assault Rifle Rocket Launcher Peak State ------------ > --- POWER ------------ Ion Engine > --- PROPULSION ------- Wheel Wheel > --- UTILITY ---------- Huge Storage Unit Reactive Plating Reactive Plating > --- WEAPON ----------- Pulse Rifle Assault Rifle > --- INVENTORY -------- Light Ion Engine Heat Sink Reactive Plating Light Assault Rifle Light Assault Rifle Light Assault Rifle [Rating: 14] Favorites ----------- Power Ion Engine Engine Ion Engine Propulsion Wheel Wheel Wheel Utility Huge Storage Unit Device Heat Sink Storage Huge Storage Unit Processor Targeting Computer Protection Reactive Plating Weapon Assault Rifle Energy Gun Pulse Rifle Ballistic Gun Assault Rifle Ballistic Cannon Flak Cannon Launcher Rocket Launcher Build | -11 -10 -10 -9 -8 ------- Run | Yrd Mat Min Mat Mat Slots Evolved 4 | . . . 2 2 Power 1 | . . . . 1 Propulsion 1 | . . . 1 . Utility 1 | . . . 1 . Weapon 1 | . . . . 1 Parts Attached 24 | 6 1 . 12 5 Power 4 | 1 . . 1 2 Engine 4 | 1 . . 1 2 Core . | . . . . . Reactor . | . . . . . Propulsion 5 | 2 . . 2 1 Treads . | . . . . . Leg . | . . . . . Wheel 5 | 2 . . 2 1 Hover . | . . . . . Flight . | . . . . . Utility 6 | 1 1 . 4 . Device 1 | . . . 1 . Storage 2 | 1 1 . . . Processor 1 | . . . 1 . Hackware . | . . . . . Protection 2 | . . . 2 . Artifact . | . . . . . Weapon 9 | 2 . . 5 2 Energy Gun 3 | 1 . . 1 1 Energy Cannon . | . . . . . Ballistic Gun 4 | 1 . . 3 . Ballistic Cannon 1 | . . . . 1 Launcher 1 | . . . 1 . Special Weapon . | . . . . . Impact Weapon . | . . . . . Slashing Weapon . | . . . . . Piercing Weapon . | . . . . . Special Melee Weapon . | . . . . . Unidentified Prototypes . | . . . . . Parts Lost 15 | . . 3 5 7 Power 3 | . . 1 . 2 Propulsion 5 | . . 1 2 2 Utility 2 | . . . 1 1 Weapon 5 | . . 1 2 2 Highest Loss Streak 6 | . . 3 3 6 To Critical Strikes . | . . . . . Average Backups 4 | . 2 2 5 7 Power 1 | . 1 1 1 1 Propulsion . | . . . . . Utility 1 | . . . 1 2 Weapon 2 | . 1 1 2 3 Tool/Special . | . . . . . Unused Backups 5 | 1 . . . 4 Power . | . . . . . Propulsion 1 | 1 . . . . Utility 2 | . . . . 2 Weapon 2 | . . . . 2 Tool/Special . | . . . . . Average Slot Usage (%) 73 | . 85 82 73 65 Engine 10 | . 14 12 10 8 Wheel 15 | . 28 27 12 12 Device 4 | . . . 5 6 Storage 11 | . 14 14 11 9 Processor 3 | . . . 2 9 Protection 6 | . . . 11 . Energy Gun 5 | . 14 13 4 . Ballistic Gun 12 | . 14 14 13 10 Launcher 3 | . . . 2 7 Peak Build Rating 14 | 6 7 6 14 14 Average Rating 8 | 2 6 5 10 10 On Entrance 4 | . 6 6 3 9 Avg Prop Armor Cover (%) . | . . . . . Naked Turns . | . . . . . Heaviest Build 110 | 12 87 87 110 97 Greatest Support 28 | 20 20 20 26 28 Greatest Overweight (x) 28 | . 4 8 10 28 Average Overweight (x) 5 | . 2 4 6 4 Largest Inventory Capacity 25 | 8 25 25 25 25 Average Capacity 23 | 6 21 25 25 25 Most Carried 9 | 2 3 4 8 9 Average Carried 4 | . 2 2 5 7 Final Capacity 25 | 8 25 25 25 25 Final Carried 7 | 2 2 4 7 6 Class Distribution -------------------- 83% | Mutant 5% | Gunner 5% | Scavenger-Gunner 4% | Scavenger-Mutant Dominant Class ---------------- Mutant | -10/Materials Mutant | -10/Mines Mutant | -9/Materials Mutant | -8/Materials Resources | -11 -10 -10 -9 -8 ----------- Run | Yrd Mat Min Mat Mat Matter Collected 668 | 154 . 96 314 104 Remotely . | . . . . . Salvage Created 935 | . . 39 736 160 Parts 66 | . . 6 48 12 Haulers Intercepted . | . . . . . Recyclers Shooed 3 | . . . 3 . Parts Field Recycled . | . . . . . Retrieved Matter . | . . . . . Parts Self-Destructed . | . . . . . Prevented . | . . . . . Parts Restored . | . . . . . Kills | -11 -10 -10 -9 -8 ------- Run | Yrd Mat Min Mat Mat Combat Hostiles Destroyed 26 | . . 2 15 9 Guns 17 | . . 1 14 2 Cannons 1 | . . . . 1 AOE 8 | . . 1 1 6 Classes Destroyed 11 | . . 2 8 1 Worker 2 | . . . 1 1 Builder 1 | . . . 1 . Tunneler 1 | . . 1 . . Recycler 2 | . . . 2 . Operator 1 | . . . 1 . Watcher 3 | . . . 2 1 Swarmer 10 | . . 2 5 3 Grunt 11 | . . . 6 5 Brawler 1 | . . . . 1 Duelist 1 | . . . 1 . Sentry 3 | . . . 3 . Best Kill Streak 10 | . . 2 10 5 Combat Bots Only 8 | . . 2 8 5 Max Kills in Single Turn 2 | . . 1 2 2 Gunslinging 1 | . . . 1 . Exploded 2 | . . 1 1 2 Melee . | . . . . . Uniques/NPCs Destroyed . | . . . . . Combat | -11 -10 -10 -9 -8 -------- Run | Yrd Mat Min Mat Mat Hostile Shots Fired 219 | . . 32 95 92 Missed 60 | . . 7 28 25 Hits 159 | . . 25 67 67 Melee 19 | . . . . 19 Projectile 140 | . . 25 67 48 Critical Strikes 10 | . . . 2 8 Damage Taken 2341 | . . 288 691 1362 Core 701 | . . 41 85 575 Absorbed by Shields . | . . . . . Ignored by Resistances 67 | . . . 67 . Core Remaining (%) 87 | 100 . 83 78 . Volleys Fired 112 | . . 14 79 19 Largest 3 | . . 2 2 3 Hottest 90 | . . 60 83 90 Shots Fired 192 | . . 23 121 48 Gun 164 | . . 23 116 25 Cannon 12 | . . . . 12 Launcher 16 | . . . 5 11 Special . | . . . . . Kinetic 141 | . . 14 91 36 Thermal 26 | . . . 25 1 Explosive 16 | . . . 5 11 Electromagnetic 9 | . . 9 . . Robot Hit Streak 8 | . . 5 8 8 Robot Miss Streak 5 | . . 3 5 2 Penetration Max . | . . . . . Secondary Targets 3 | . . . 3 . Max Gunslinging Chain 1 | . . . 1 . Shots Hit Robots 120 | . . 14 75 31 Core Hits 89 | . . 7 40 42 Critical Kills 1 | . . . 1 . Critical Parts Destroyed 1 | . . . 1 . Critical Strikes 3 | . . . 3 . Burn 1 | . . . 1 . Destroy 2 | . . . 2 . Melee Attacks . | . . . . . Impact . | . . . . . Slashing . | . . . . . Piercing . | . . . . . Sneak Attacks . | . . . . . Combat Hostiles . | . . . . . Follow-up Attacks . | . . . . . Damage Inflicted 2459 | . . 206 1043 1210 Guns 1274 | . . 183 937 154 Cannons 205 | . . . . 205 Explosions 980 | . . 23 106 851 Melee . | . . . . . Ramming . | . . . . . Kinetic 1132 | . . 148 640 344 Thermal 335 | . . 23 297 15 Explosive 889 | . . . 106 783 Electromagnetic 103 | . . 35 . 68 Impact . | . . . . . Slashing . | . . . . . Piercing . | . . . . . Highest Corruption 1 | . . . 1 . Average Corruption 1 | . . . 1 . Corruption Purged . | . . . . . Corruption Blocked . | . . . . . Effects 4 | . . . 4 . Matter Fused 2 | . . . 2 . Data Loss (minor) 1 | . . . 1 . Weapon Failures 1 | . . . 1 . Overload Shots . | . . . . . Overflow Damage 23 | . . . . 23 Projectiles . | . . . . . Explosions 23 | . . . . 23 Melee . | . . . . . Knockbacks 6 | . . . . 6 Impact . | . . . . . Kinetic 6 | . . . . 6 Secondary . | . . . . . Self-Inflicted Damage 68 | . . . 36 32 Shots 2 | . . . 1 1 Rammed . | . . . . . Targets Rammed . | . . . . . Kicked . | . . . . . Crushed . | . . . . . Highest Temperature 577 | . . 49 577 63 Average Temperature 151 | . . 31 196 15 Received Heat Transfer 831 | . . 123 249 459 Effects 23 | . . . 23 . Shutdowns 2 | . . . 2 . Energy Bleed 2 | . . . 2 . Interference 7 | . . . 7 . Matter Decay 3 | . . . 3 . Damage (minor) 4 | . . . 4 . Damage (major) 5 | . . . 5 . Siege Activations . | . . . . . Martial Activations . | . . . . . Shielding Activations . | . . . . . Robots Disrupted . | . . . . . Combat Hostiles . | . . . . . Robots Corrupted . | . . . . . Combat Hostiles . | . . . . . Parts Fried . | . . . . . Impact Corruptions . | . . . . . Robots Melted . | . . . . . Combat Hostiles . | . . . . . Parts Melted 1 | . . . 1 . Heat Transferred 790 | . . 50 703 37 Parts Sabotaged . | . . . . . Parts Stolen . | . . . . . Parts Stripped . | . . . . . Power Chain Reactions 1 | . . 1 . . Alert | -11 -10 -10 -9 -8 ------- Run | Yrd Mat Min Mat Mat Maximum Alert Level 2 | . . . 2 1 Low Security (%) 51 | 100 100 100 36 30 Level 1 46 | . . . 60 69 Level 2 1 | . . . 3 . Level 3 . | . . . . . Level 4 . | . . . . . Level 5 . | . . . . . High Security . | . . . . . Max Security . | . . . . . Peak Influence 407 | . . 95 407 334 Initial 163 | . . . 37 163 Average 182 | . . 26 246 221 Influence Increases 1205 | . . 170 754 281 Destroy 0b10 Robot/C 720 | . . 100 440 180 Destroy 0b10 Robot/NC 60 | . . 10 40 10 Destroy Leader 138 | . . 20 96 22 Allied During Kill 57 | . . 19 38 . Disable Machine 105 | . . 15 60 30 Destroy Structure 80 | . . 6 35 39 Lose Combat Pursuer 45 | . . . 45 . Influence Decreases 971 | . . 75 461 435 Entered New Map 283 | . . . 58 225 Time Decay 478 | . . 45 293 140 Lost Part 150 | . . 30 50 70 Lost Ally 60 | . . . 60 . Squads Dispatched 2 | . . . 1 1 Investigation . | . . . . . Extermination . | . . . . . Reinforcement 1 | . . . 1 . Assault . | . . . . . Garrison 1 | . . . . 1 Intercept . | . . . . . Searches Triggered . | . . . . . Construction Impeded . | . . . . . Haulers Reinforced . | . . . . . Active Scanning Responses . | . . . . . Cargo Convoy Interrupts . | . . . . . Stealth | -11 -10 -10 -9 -8 --------- Run | Yrd Mat Min Mat Mat Distress Signals 6 | . . . 4 2 Communications Jammed . | . . . . . Distress Signals . | . . . . . Times Spotted 54 | . . 5 32 17 Peak Tracking Total 7 | . . 3 6 7 Tactical Retreats 3 | . . . 3 . Traps | -11 -10 -10 -9 -8 ------- Run | Yrd Mat Min Mat Mat Traps Triggered . | . . . . . Indirectly . | . . . . . Trap Hack Attempts . | . . . . . Triggered . | . . . . . Disarmed . | . . . . . Reprogrammed . | . . . . . Reused . | . . . . . Traps Extracted . | . . . . . Installed . | . . . . . Triggered . | . . . . . Machines | -11 -10 -10 -9 -8 ---------- Run | Yrd Mat Min Mat Mat Machines Disabled 7 | . . 1 4 2 Max in Single Turn 1 | . . 1 1 1 Machines Repaired . | . . . . . Machines Dismantled . | . . . . . Machines Sabotaged . | . . . . . Overloaded Fab Kills . | . . . . . Hacking | -11 -10 -10 -9 -8 --------- Run | Yrd Mat Min Mat Mat Machines Accessed 3 | . . . 2 1 Terminals 3 | . . . 2 1 Fabricators . | . . . . . Repair Stations . | . . . . . Recycling Units . | . . . . . Scanalyzers . | . . . . . Garrison Access . | . . . . . Total Hacks 5 | . . . 4 1 Successful 3 | . . . 2 1 Failed 2 | . . . 2 . Catastrophic . | . . . . . Database Lockouts . | . . . . . Manual . | . . . . . Terminals 5 | . . . 4 1 Fabricators . | . . . . . Repair Stations . | . . . . . Recycling Units . | . . . . . Scanalyzers . | . . . . . Garrison Access . | . . . . . Terminal Hacks 3 | . . . 2 1 Record 1 | . . . 1 . Emergency Access Points 1 | . . . . 1 Alert Level 1 | . . . 1 . Fabricator Hacks . | . . . . . Repair Station Hacks . | . . . . . Recycling Unit Hacks . | . . . . . Scanalyzer . | . . . . . Garrison Access Hacks . | . . . . . Unauthorized Hacks . | . . . . . Terminals . | . . . . . Fabricators . | . . . . . Repair Stations . | . . . . . Recycling Units . | . . . . . Scanalyzers . | . . . . . Garrison Access . | . . . . . Data Cores Recovered . | . . . . . Used . | . . . . . Hacking Detections 2 | . . . 2 . Full Trace Events 1 | . . . 1 . Feedback Events 1 | . . . 1 . Corruption 1 | . . . 1 . Feedback Blocked . | . . . . . Robot Schematics Acquired . | . . . . . Robots Built . | . . . . . Authchips . | . . . . . Time . | . . . . . Total Robot Build Rating . | . . . . . Part Schematics Acquired . | . . . . . Parts Built . | . . . . . Authchips . | . . . . . Time . | . . . . . Total Part Build Rating . | . . . . . Part Studies Acquired . | . . . . . Parts Repaired . | . . . . . Time . | . . . . . Parts Recycled . | . . . . . Recycled Matter . | . . . . . Retrieved Matter . | . . . . . Retrieved Components . | . . . . . Parts Scanalyzed . | . . . . . Part Schematics Acquired . | . . . . . Parts Damaged . | . . . . . Bothacking | -11 -10 -10 -9 -8 ------------ Run | Yrd Mat Min Mat Mat Used RIF Installer . | . . . . . Robots Hacked . | . . . . . Non-combat . | . . . . . Combat . | . . . . . Robot Hacks Applied . | . . . . . Relay Couplers Released . | . . . . . Fabnet Peak Effective % . | . . . . . Robots Rewired . | . . . . . Allies Hacked . | . . . . . Hacks Repelled . | . . . . . Allies | -11 -10 -10 -9 -8 -------- Run | Yrd Mat Min Mat Mat Total Allies 3 | . . 3 . . Largest Group 3 | . . 3 3 . Highest-Rated Group 40 | . . 40 40 . Highest-Rated Ally 16 | . . 16 16 . Total Orders 6 | . . 3 3 . GUARD 6 | . . 3 3 . Ally Attacks 53 | . . 7 46 . Total Damage 446 | . . 86 360 . Kills 12 | . . 4 8 . Allies Corrupted . | . . . . . Allies Melted . | . . . . . Intel | -11 -10 -10 -9 -8 ------- Run | Yrd Mat Min Mat Mat Active Infowar (turns) . | . . . . . Robot Analysis Total . | . . . . . Derelict Logs Recovered . | . . . . . Drone Launches . | . . . . . Drone Recoveries . | . . . . . Exploration | -11 -10 -10 -9 -8 ------------- Run | Yrd Mat Min Mat Mat Turns Passed 1475 | 78 65 234 806 292 Spaces Moved 638 | 40 51 124 299 124 Core 3 | 1 . . . 2 Treads . | . . . . . Legs . | . . . . . Wheels 635 | 39 51 124 299 122 Hover . | . . . . . Flight . | . . . . . Fastest Speed 50 | 50 80 140 135 140 Average Speed 167 | 79 123 141 192 178 Slowest Speed 1450 | 80 140 200 230 1450 Overloaded Moves . | . . . . . Propulsion Burnouts . | . . . . . Robots Hopped . | . . . . . Potential Cave-ins . | . . . . . Cave-ins Triggered . | . . . . . Exploration Rate (%) 24 | 3 14 38 47 21 Regions Visited 4 Branch Regions 1 Pre-discovered Areas 1 | . . 1 . . Known Exits Taken . | . . . . . Unknown Exits Taken 4 | 1 1 1 1 . Scrap Searched . | . . . . . Spaces Dug . | . . . . . Terrain Destroyed 91 | . . 6 42 43 Melee . | . . . . . Projectile . | . . . . . AOE 91 | . . 6 42 43 Terrain Rammed . | . . . . . Walls Destroyed . | . . . . . Machines Disabled . | . . . . . Actions | -11 -10 -10 -9 -8 --------- Run | Yrd Mat Min Mat Mat Total 879 | 86 53 160 414 166 Wait 73 | 31 . 21 8 13 Move 634 | 39 50 123 298 124 Hop . | . . . . . Pick Up 29 | 9 1 2 13 4 Fast Attach . | . . . . . Attach 23 | 6 1 . 11 5 Detach 2 | . . . 2 . Swap 3 | . . . 2 1 Drop 3 | 1 1 . 1 . Fire 112 | . . 14 79 19 Melee . | . . . . . Ram . | . . . . . Kick . | . . . . . Crush . | . . . . . Escape Stasis . | . . . . . Rewire . | . . . . . Trap . | . . . . . Miscellaneous . | . . . . . Route ------- -11/Scrapyard -10/Materials -10/Mines -9/Materials (discovered 2 exits: *Mat / [*Min]) -8/Materials History --------- Turn | Location | Event 50 | -11/Scrapyard | Discovered new exit (range 15) 79 | -11/Scrapyard | Entered Materials 134 | -10/Materials | Discovered new exit (range 7) 144 | -10/Materials | Entered Mines 145 | -10/Mines | Learned location of Storage (-7) 149 | -10/Mines | Met a Derelict bent on vengeance 184 | -10/Mines | Assisted by bots powering up and referring to "LRC-V3" 304 | -10/Mines | Build established: Mutant 348 | -10/Mines | Discovered new exit (range 5) 378 | -10/Mines | Entered Materials 378 | -9/Materials | Accompanied by 3 allies 378 | -9/Materials | Evolved 2 slots: Propulsion x1, Utility x1 398 | -9/Materials | Lost 3 parts (1p1n1w) 725 | -9/Materials | Lost 3 allies 735 | -9/Materials | Destroyed 8 combat bots 953 | -9/Materials | Lost 3 parts (1n1u1w) 1116 | -9/Materials | Discovered new exit (range 15) 1130 | -9/Materials | Discovered new exit (range 8) 1184 | -9/Materials | Entered another Materials area 1184 | -8/Materials | Evolved 2 slots: Power x1, Weapon x1 1378 | -8/Materials | Garrison activated, responded to threat 1461 | -8/Materials | Core integrity fell below 50% 1470 | -8/Materials | Core integrity fell below 20% 1476 | -8/Materials | Destroyed by L-31 Rogue with Katana Last Messages --------------- Acquired 12 matter. L-31 Rogue knocked back. Com. Wheel destroyed. Rocket Launcher destroyed. Flak Cannon severed. Ion Engine destroyed. Critical hit (Burn: +37). Knocked back. Lgt. Assault Rifle severed. Particle Gun destroyed. K-01 Serf collects debris. Arm. Wheel destroyed. Lgt. Ion Engine destroyed. K-01 Serf collects debris. Critical hit (Burn: +37). K-01 Serf collects debris. Imp. Ion Engine severed. K-01 Serf collects debris. Targeting Computer severed. K-01 Serf collects debris. Map ----- +----------------------------------------------------+ | ??########## # #???????????????????????? | | ?? ????????????????????????? | | ?? ?????????????????????????? | | ???" " ??????????????????????????? | | ??""" ???????????????????????????? | | """ #########????????????????????? | | ## #????????????????????? | | ## """"" #????????????????????? | | "" ## """"" #??????????????? ????? | | ??""" # """"" !#?????????????##/##??? | | ?""" + #?????????????# #??? | | # """"" #?????????????# #??? | | # """"" #?????????????# #??? | | ######## # """"" #?????????????# +??? | | ???????# k # #?????????????# #??? | | ???????# ! ###+##+################# #??? | | ???????+ *% # "T" ## # #### | | ???????# + ## # | | ???????# # ## + | | ???????# #### ########## # | | ???????##+###### ##???????# # ##? | | ??????????????## ] ######### # % #? | | ??????????????## + # [ ### | | ??????????????## [ g # # # | | ??????????????## bl ######## ## | | ??????????????## l@ / ## | | ???????????????# g ######+######## # ## " | | ???????????????# #?????????????# ## # ## " | | ???????????????# #????????######+#### ## " | | ???????????????# #????????# ## ## | | ????????????? #????????# """ ## ## | | ??????????# #????????# """ # ### | | ??????????# #????????# """ # | | ??????????# #????????# """ + " | | ??????????# #????????# """ # | | ????????? #????????# # ## | | ????????#####+##########????????# ######## | | ????????????????????????????????# #??????#! | | ????????????????????????????????##########??????#! | | ????????????????????????????????????????????????## | | ?????????????????????????????????????????????????? | | ?????????????????????????????????????????????????? | | | | | | | | | | | | | | | | | +----------------------------------------------------+ Best States ------------- Heat Dissipation 41 Energy Generation 12 Energy Capacity 265 Matter Stores 262 Matter Capacity 300 Sight Range 16 Terrain Scan Density 10 Armor Coverage 300 Resistance: KI 20 Evasion (%) 44 Targeting Accuracy 5 Item Schematics ----------------- None Robot Schematics ------------------ None Fabricated ------------ Nothing Repaired ---------- Nothing Studied --------- None Alien Tech Used ----------------- None Achievements -------------- None Challenges ------------ None Game ------ Seed EtherialAlloyMaterializer Manual? 0 Play Time 00:21:24 Cumulative 2.3 hours Start 2026.06.24 @ 02:25:05 End 2026.06.24 @ 18:36:07 Sessions 3 Manual Loads 0 Difficulty Rogue Special Mode None Game No. 7 Rogue 7 Adventurer 0 Explorer 0 Win Type - Total 0 Types 0/0/0/0/0/0/0/0/0/0 Lore% 1 Gallery% 5 Achievement% 7 Wizard Run 0 Options --------- Layout 1 ASCII 0 Keyboard 0 Movement Mouse Keybinds 0 Fullscreen 1 Font 24/Smallcaps Map View 50x40 Zoom Use 0% Tactical HUD 0 Map Filters NONE Filters NONE Steam 1 RUN: c12b566d-8e47-4a55-9e4b-7941079fd3ac